 Dungeon Crawl Stone Soup version 0.29.1-12-g30fa7ad0bf (webtiles) character file.

Game seed: 18175784265976013792

3401 croobank the Conjurer (level 9, 0/71 HPs)
             Began as a Demonspawn Conjurer on Dec 20, 2022.
             Shot with a sling bullet by Joseph (8 damage)
             ... on level 7 of the Dungeon.
             The game lasted 00:31:42 (9129 turns).

croobank the Conjurer (Demonspawn Conjurer)         Turns: 9129, Time: 00:31:43

Health: 0/71       AC: 18    Str:  9    XL:     9   Next: 75%
Magic:  14/16      EV: 13    Int: 23    God:
Gold:   915        SH:  0    Dex: 17    Spells: 8/18 levels left

rFire   . . .      SeeInvis .   m - +2 club (spect)
rCold   . . .      Faith    .   (no shield)
rNeg    . . .      Spirit   .   M - +0 acid dragon scales
rPois   .          Reflect  .   u - +1 helmet
rElec   .          Harm     .   A - scarf {+Inv}
rCorr   +          Rampage  .   h - +1 pair of gloves
Will    +....                   y - +1 pair of boots
Stlth   +++.......              (no amulet)
HPRegen 0.21/turn               x - +6 ring of dexterity
MPRegen 0.15/turn               w - ring of willpower

@: sanguine armoured, hasted, very quick
A: ignite blood 1, powered by death 1, sanguine armour 1, weakness stinger 1
a: Evoke Invisibility


You were on level 7 of the Dungeon.
You visited 2 branches of the dungeon, and saw 8 of its levels.
You also visited: Sewer.

You collected 915 gold pieces.

Inventory:

Hand Weapons
 e - a +3 whip
 g - a +0 mace
 m - a +2 spectral club (weapon)
 E - a +0 dire flail of pain
 K - a +2 scimitar of flaming
 O - a +2 dagger of flaming
 P - a +3 morningstar of freezing
Missiles
 p - 8 javelins
 r - 18 poisoned darts
Armour
 a - a +0 robe
 d - a +0 ring mail
 h - a +1 pair of gloves (worn)
 k - a +0 leather armour
 u - a +1 helmet (worn)
 y - a +1 pair of boots (worn)
 A - a scarf of invisibility (worn)
 I - an orb of guile
 M - +0 acid dragon scales (worn)
Jewellery
 w - a ring of willpower (right hand)
 x - a +6 ring of dexterity (left hand)
 J - a ring of flight
 L - a +6 ring of dexterity
Wands
 i - a wand of charming (10)
 t - a wand of flame (23)
 B - a wand of quicksilver (14)
Scrolls
 f - a scroll of vulnerability
 j - a scroll of enchant armour
 o - 2 scrolls of teleportation
 q - 4 scrolls of immolation {unknown}
 v - 3 scrolls of fear {unknown}
 C - 2 scrolls of butterflies {unknown}
 D - a scroll of amnesia {unknown}
 G - a scroll of magic mapping {unknown}
 N - a scroll of identify
Potions
 b - 2 potions of magic
 c - a potion of lignification
 l - 2 potions of haste
 n - 3 potions of flight
 s - a potion of brilliance
 z - 2 potions of curing
 F - a potion of degeneration {unknown}
 H - a potion of mutation {unknown}


   Skills:
 + Level 6.4 Fighting
 * Level 0.0 Maces & Flails
 + Level 5.1 Dodging
 + Level 5.6 Stealth
 + Level 5.3 Spellcasting
 + Level 6.7 Conjurations
 - Level 5.0 Hexes
 + Level 2.2 Translocations


You had 8 spell levels left.
You knew the following spells:

 Your Spells              Type           Power      Damage    Failure   Level
a - Magic Dart            Conj           100%       1d8       1%          1
b - Searing Ray           Conj           74%        2d7       1%          2
c - Dazzling Flash        Conj/Hex       66%        N/A       4%          3
d - Iskenderun's Mystic   Conj/Tloc      26%        2d7       24%         4

Your spell library contained the following spells:

 Spells                   Type           Power      Damage    Failure   Level
 Static Discharge         Conj/Air       21%        3-6/arc   6%          2
 Fulminant Prism          Conj/Hex       16%        3d11      14%         4
 Sticky Flame             Conj/Fire      21%        2d4       36%         4
 Dispel Undead            Necr           6%         3d8       83%         4


Dungeon Overview and Level Annotations

Branches:
Dungeon (7/15)             Temple (1/1) D:4           Sewer (visited)

Altars:
Ashenzari
Fedhas
Hepliaklqana
Makhleb
Nemelex Xobeh
Okawaru
Qazlal
Ru
Sif Muna
Uskayaw
Vehumet
Wu Jian
Xom
Yredelemnul

Shops:
D:5 (

Annotations:
D:4 1 runed translucent door, Barneous's ghost, amateur OpCj
D:7 Joseph


Innate Abilities, Weirdness & Mutations

Your demonic aura sometimes causes spilled blood to erupt in flames.
You regenerate a little health from kills.
When seriously injured, your blood forms armour. (AC +6)
You have a small tail.


Message History

Confirm with . or Enter, or press ? or * to list all spells.
You don't have enough magic to cast this spell.
Okay, then.
Aiming: Charm
Press: ? - help, Shift-Dir - straight line, f - orc warrior
Aim: an orc warrior, wielding a +0 arbalest and wearing a +0 plate armour (moderately wounded, blind, chance to affect: 49%)
The orc warrior resists with some effort.
The orc warrior shoots a bolt.
The bolt barely misses you.
The bolt closely misses the orc priest.
The orc priest barely misses you.
Aiming: Charm
Press: ? - help, Shift-Dir - straight line, f/p - orc warrior
Aim: an orc warrior, wielding a +0 arbalest and wearing a +0 plate armour (moderately wounded, blind, chance to affect: 49%)
The orc warrior is charmed.
The orc priest hits you with a +0 hand axe.
* * * LOW HITPOINT WARNING * * *
You swap places.
Your surroundings suddenly seem different.
Joseph, a Mercenary comes into view.
He is wielding a +0 quarterstaff and carrying a wand of charming (12).
Joseph shouts!
Joseph unwields a +0 quarterstaff.
Joseph wields a +0 sling.
Joseph shoots a sling bullet.
The sling bullet barely misses you.
Aiming: Charm
Press: ? - help, Shift-Dir - straight line, f - Joseph
Aim: Joseph, wielding a +0 sling, wearing a +0 ring mail and carrying a wand of charming (12) (chance to affect: 31%)
Okay, then.
Okay, then.
Okay, then.
Casting: Dazzling Flash (dangerous; 4% risk of failure)
Confirm with . or Enter, or press ? or * to list all spells.
You don't have enough magic to cast this spell.
Magic courses through your body.
Casting: Dazzling Flash (dangerous; 4% risk of failure)
Confirm with . or Enter, or press ? or * to list all spells.
Casting: Dazzling Flash (dangerous; 4% risk of failure)
Press: ? - help, Dir - look around, f - activate Joseph is dazzled.
Joseph zaps a wand.
You resist with almost no effort.
You feel yourself speed up.
Joseph is no longer blind.
Joseph shoots a sling bullet.
The sling bullet hits you!
You die...

.^...##
#.###..
#...#####
#...@# #
##......#
#...# .#
##...##.#
#...##.#
....##
##.....##
.....#
#......##.
.........#
#.........
#........#
#..####..#
##.##....#
#.@# ##
#.# #...#
#..# .##
...# #..#
# #.##
#.## # ..#
#..# #..
###


You could see Joseph.

Vanquished Creatures
  Maggie (D:6)
  Eustachio (D:5)
  Edmund (D:6)
  A water moccasin (D:5)
  An ice beast (D:7)
  A sky beast (D:6)
  2 ogres
  A centaur (D:7)
  2 kobold brigands (Sewer)
  3 phantoms
  6 necrophages (D:5)
  7 scorpions
  A wight (D:7)
  A killer bee (D:7)
  An electric eel (D:6)
  A crimson imp (D:5)
  2 centaur zombies (D:5)
  4 jellies
  An orc priest (D:5)
  6 hounds
  2 gnoll boudas
  Jessica (D:2)
  Ijyb (D:5)
  6 iguanas
  Robin (D:2)
  12 adders
  11 gnolls
  A river rat (Sewer)
  An ufetubus (D:5)
  3 worms
  A dart slug (D:1)
  7 orcs
  10 ball pythons
  8 endoplasms
  2 giant cockroaches (D:2)
  12 goblins
  11 hobgoblins
  4 jackals
  4 quokkas
  9 bats
  8 kobolds
  8 rats
  A bush (D:5)
168 creatures vanquished.

Vanquished Creatures (others)
  A bush (D:5)
  16 plants
  5 toadstools (D:1)
22 creatures vanquished.

Grand Total: 190 creatures vanquished

Notes
Turn   | Place    | Note
-------+----------+-------------------------------------------
     0 | D:1      | croobank the Demonspawn Conjurer began the quest for the
                  | Orb.
     0 | D:1      | Reached XP level 1. HP: 13/13 MP: 3/3
    16 | D:1      | You fall into a shaft and drop 1 floor!
   588 | D:1      | Found a faded altar of an unknown god.
   605 | D:1      | Gained mutation: You have a small tail. [demonic ancestry]
   605 | D:1      | Reached XP level 2. HP: 15/19 MP: 0/5
   662 | D:1      | Learned a level 2 spell: Searing Ray
  1286 | D:1      | Reached XP level 3. HP: 24/24 MP: 3/6
  1290 | D:1      | Learned a level 3 spell: Dazzling Flash
  1595 | D:2      | Noticed Jessica
  1599 | D:2      | Killed Jessica
  1834 | D:2      | Reached skill level 1 in Fighting
  1834 | D:2      | Reached XP level 4. HP: 32/32 MP: 3/7
  1912 | D:2      | Noticed Robin
  1921 | D:2      | Killed Robin
  2242 | D:2      | Reached skill level 1 in Hexes
  3302 | D:3      | Noticed a scorpion
  3317 | D:3      | Killed a scorpion
  3318 | D:3      | Reached XP level 5. HP: 24/37 MP: 9/9
  3325 | D:3      | Learned a level 4 spell: Iskenderun's Mystic Blast
  3734 | D:3      | Found a stormy altar of Qazlal.
  3789 | D:3      | Found a shimmering blue altar of Sif Muna.
  4391 | D:4      | Found a runed translucent door.
  4391 | D:4      | Noticed Barneous's ghost (amateur OpCj)
  4502 | D:4      | Gained mutation: Your demonic aura sometimes causes spilled
                  | blood to erupt in flames. [demonic ancestry]
  4502 | D:4      | Reached XP level 6. HP: 43/44 MP: 5/10
  4703 | D:4      | Found a staircase to the Ecumenical Temple.
  4823 | Temple   | Entered the Ecumenical Temple
  5163 | D:5      | Entered Level 5 of the Dungeon
  5167 | D:5      | Noticed Ijyb
  5185 | D:5      | Killed Ijyb
  5283 | D:5      | Found Iptaida's Weapon Boutique.
  5319 | D:5      | Reached skill level 5 in Conjurations
  5319 | D:5      | Gained mutation: You regenerate a little health from kills.
                  | [demonic ancestry]
  5319 | D:5      | Reached XP level 7. HP: 36/52 MP: 4/12
  5476 | D:5      | Found a blossoming altar of Fedhas.
  5553 | D:5      | Found a glowing drain.
  5564 | Sewer    | Entered a sewer
  5980 | D:5      | Found a burning altar of Makhleb.
  6246 | D:5      | Reached XP level 8. HP: 58/60 MP: 2/13
  6602 | D:5      | Reached skill level 5 in Fighting
  6800 | D:5      | Noticed Eustachio
  6815 | D:5      | Killed Eustachio
  7162 | D:6      | Gained mutation: When seriously injured, your blood forms
                  | armour. (AC +6) [demonic ancestry]
  7162 | D:6      | Reached XP level 9. HP: 69/69 MP: 15/15
  7357 | D:6      | Reached skill level 5 in Stealth
  7578 | D:6      | Reached skill level 1 in Translocations
  7638 | D:6      | Noticed Edmund
  7663 | D:6      | Killed Edmund
  7862 | D:6      | Found a sparkling altar of Nemelex Xobeh.
  8281 | D:6      | Noticed Maggie
  8291 | D:6      | Killed Maggie
  8292 | D:6      | Reached skill level 5 in Spellcasting
  8712 | D:7      | Reached skill level 5 in Dodging
  9047 | D:7      | Reached skill level 5 in Hexes
  9121 | D:7      | Noticed Joseph
  9129 | D:7      | Shot with a sling bullet by Joseph

Illustrated notes

Levels and vault maps discovered:
D:1:      ldierk_walled_garden, layout_rooms,
          chequers_ecumenical_altar_simple_redux
D:2:      layout_basic, basic_altar, minmay_misc_feat_secret_circle,
          serial_bayou_pond_d, uniq_robin, uniq_jessica
D:3:      layout_basic, nicolae_qazlal_eye_of_the_storm,
          nicolae_sif_muna_little_library
D:4:      layout_basic, minmay_temple_entry_butterflies, gammafunk_ghost_grave,
          nrook_uturn
D:5:      minmay_polygon_palace, layout_basic, makhleb_grotto_becter,
          fedhas_altar_decomposition, cheibrodos_sewer_entry_bend, serial_shops,
          shop_fountains, uniq_ijyb, uniq_eustachio
D:6:      layout_basic, amcnicky_altar_gilded, hangedman_abyss_or_decor_stabs,
          nicolae_lava_and_water, uniq_edmund, uniq_maggie
D:7:      kennysheep_spiral_hall, layout_layer_cave, uniq_pikel, uniq_joseph
Temple:   jpeg_temple_alley_garden

Skill      XL: |  1  2  3  4  5  6  7  8  9 |
---------------+----------------------------+-----
Stealth        | 2 3 4 5 |  5.6
Dodging        | 2 3 4 5 |  5.1
Fighting       | 1 2 3 4 5 6 |  6.4
Hexes          | 1 2 3 4 5 |  5.0
Spellcasting   | 3 4 5 |  5.3
Conjurations   | 5 6 |  6.7
Translocations | 2 |  2.2

Action                   |  1- 3 |  4- 6 |  7- 9 || total
-------------------------+-------+-------+-------++-------
Melee: Unarmed           |     9 |       |       ||     9
       Mace              |    15 |       |       ||    15
       Dagger            |     8 |       |     7 ||    15
       Tailslap          |     4 |    10 |    37 ||    51
       Punch             |     1 |     3 |     7 ||    11
       Club              |     8 |    62 |   158 ||   228
 Cast: Magic Dart        |    55 |    12 |    28 ||    95
       Searing Ray       |     9 |    17 |    46 ||    72
       Dazzling Flash    |       |       |     9 ||     9
       Iskenderun's Myst |       |       |     1 ||     1
Evoke: Wand              |       |       |     3 ||     3
  Use: Scroll            |       |     3 |     8 ||    11
       Potion            |       |     1 |     5 ||     6
 Stab: Sleeping          |     2 |     5 |     4 ||    11
       Distracted        |       |       |     4 ||     4
       Invisible         |       |       |     3 ||     3
Armor: Robe              |    33 |    23 |    85 ||   141
       Acid dragon scale |       |       |    10 ||    10
Dodge: Dodged            |    63 |    50 |   203 ||   316
